 Dungeon Sprint DCSS version 0.30.0-29-ga12c61a403 (webtiles) character file.

Game seed: 3860974031094638048

1225 boopmooplesden the Cruncher (level 8, -10/139 HPs)
             Began as an Ogre Gladiator on June 21, 2023.
             Was a Believer of Trog.
             Mangled by a two-headed ogre
             ... wielding a +0 dire flail
              (23 damage)
             ... in the Dungeon (Sprint IX: "|||||||||||||||||||||||||||||").
             The game lasted 00:01:12 (203 turns).

boopmooplesden the Cruncher (Ogre Gladiator)         Turns: 203, Time: 00:01:13

Health: -10/139    AC:  3    Str: 21    XL:     8   Next: 47%
Magic:  8/8        EV: 14    Int: 12    God:    Trog [**....]
Gold:   0          SH:  0    Dex: 10    Spells: 7/7 levels left

rFire   . . .        m - +4 quarterstaff (speed)
rCold   . . .        (shield currently unavailable)
rNeg    . . .        b - +0 robe
rPois   .            c - +0 hat
rElec   .            (no cloak)
rCorr   .            (gloves unavailable)
SInv    .            (boots unavailable)
Will    .....        (no amulet) Stlth
                     o - +3 ring of intelligence
HPRegen 0.43/turn    n - +2 ring of evasion
MPRegen 0.11/turn

%: no teleportation
@: berserking, very quick
A: large, unfitting armour, tough skin 1
a: Renounce Religion, Berserk, Trog's Hand


You were in the Dungeon.
You worshipped Trog.
Trog was pleased with you.
You visited 1 branch

Inventory:

Hand Weapons
 a - a +0 quarterstaff
 m - a +4 quarterstaff of speed (weapon)
Missiles
 d - a throwing net (quivered)
 e - a large rock
Armour
 b - a +0 robe (worn)
 c - a +0 hat (worn)
Jewellery
 n - a +2 ring of evasion (right hand)
 o - a +3 ring of intelligence (left hand)
Wands
 l - a wand of quicksilver (10)
Scrolls
 k - 2 scrolls of blinking
Potions
 f - 5 potions of curing
 g - a potion of invisibility
 h - a potion of haste
 i - 4 potions of magic
 j - 2 potions of heal wounds


   Skills:
 + Level 10.0 Fighting
 + Level 12.5 Staves
 + Level 5.1 Throwing
 + Level 9.7 Dodging
 + Level 1.8 Stealth


You had 7 spell levels left.
You didn't know any spells.
Your spell library was empty.

Dungeon Overview and Level Annotations

Branches:
Dungeon (1/1)

Altars:
Cheibriados
Dithmenos
Elyvilon
Fedhas
Gozag
Hepliaklqana
Kikubaaqudgha
Makhleb
Nemelex Xobeh
Okawaru
Qazlal
Ru
Sif Muna
Trog
Uskayaw
Vehumet
Wu Jian
Xom
Yredelemnul
Zin
The Shining One
Jiyva
Lugonu


Innate Abilities, Weirdness & Mutations

You are too large for most types of armour.
You have tough skin. (AC +1)


Message History

The centaur barely misses you.
The centaur kicks you but does no damage.
You sock the centaur!
The centaur is almost dead.
You are engulfed in a cloud of scalding steam.
The centaur hits you. The centaur kicks you.
You completely miss the centaur.
The centaur is almost dead.
You are engulfed in a cloud of scalding steam.
You sock the centaur!
You kill the centaur!
Trog accepts your kill.
You are engulfed in a cloud of scalding steam.
Something hits you!
* * * LOW HITPOINT WARNING * * *
Something bites you!
* * * LOW HITPOINT WARNING * * *
Something draws strength from your injuries!
Things that are here:
a +0 shortbow; a +0 giant spiked club; a +0 giant club Throw: 2 throwing nets
Press: ? - help, Q - select action, (/) - cycle Shift-Dir - straight line, f - two-headed ogre
Aim: a two-headed ogre, wielding a +0 dire flail and a +0 giant club (77% to hit)
You throw a throwing net.
Something gets caught in the net!
Something wriggles in the net.
A red film seems to cover your vision as you go berserk!
You feel yourself moving faster!
You feel mighty!
Something wriggles in the net.
You sock something! You barely miss something. You sock something!
Something wriggles in the net.
You bludgeon something!! Trog accepts your kill.
Trog appreciates your killing of a magic user.
You can now call upon Trog for regeneration and willpower.
Reactivating autopickup.
You feel a bit more experienced.
Your Fighting skill increases to level 10!
The two-headed ogre hits you with a +0 dire flail!!
You die...

▓+▓
▓.▓
▓.▓
▓.▓
▓O▓
▓@▓
▓)▓
▓'▓
▓.▓
▓.▓
▓[▓
▓[▓
▓[▓
▓.▓


You could see a two-headed ogre.

Vanquished Creatures
  A two-headed ogre (D)
  A vampire (D)
  A yak (D)
  A steam dragon (D)
  A centaur (D)
  An ogre (D)
  2 iguanas (D)
  An adder (D)
  An ufetubus (D)
  An endoplasm (D)
  2 goblins (D)
  A ball python (D)
  A kobold (D)
15 creatures vanquished.

Notes
Turn   | Place    | Note
-------+----------+-------------------------------------------
     0 | D        | boopmooplesden the Ogre Gladiator began the quest for the
                  | Orb.
     0 | D        | Reached XP level 1. HP: 22/22 MP: 1/1
    20 | D        | Noticed an ogre
    20 | D        | Noticed an iguana
    20 | D        | Noticed an iguana
    22 | D        | Killed an iguana
    23 | D        | Reached skill level 4 in Staves
    23 | D        | Reached XP level 2. HP: 32/32 MP: 2/2
    23 | D        | Reached XP level 3. HP: 39/39 MP: 3/3
    33 | D        | Reached skill level 5 in Staves
    37 | D        | Reached skill level 5 in Dodging
    37 | D        | Reached XP level 4. HP: 49/49 MP: 4/4
    43 | D        | Killed an ogre
    44 | D        | Reached skill level 5 in Fighting
    44 | D        | Reached skill level 7 in Staves
    44 | D        | Reached XP level 5. HP: 21/57 MP: 5/5
    50 | D        | Found a snail-covered altar of Cheibriados.
    50 | D        | Found a shadowy altar of Dithmenos.
    50 | D        | Found a white marble altar of Elyvilon.
    50 | D        | Found a blossoming altar of Fedhas.
    50 | D        | Found an opulent altar of Gozag.
    51 | D        | Found a hazy altar of Hepliaklqana.
    52 | D        | Found a viscous altar of Jiyva.
    53 | D        | Found an ancient bone altar of Kikubaaqudgha.
    54 | D        | Found a corrupted altar of Lugonu.
    55 | D        | Found a burning altar of Makhleb.
    56 | D        | Found a sparkling altar of Nemelex Xobeh.
    57 | D        | Found an iron altar of Okawaru.
    58 | D        | Found a stormy altar of Qazlal.
    59 | D        | Found a sacrificial altar of Ru.
    60 | D        | Found a shimmering blue altar of Sif Muna.
    61 | D        | Found a bloodstained altar of Trog.
    62 | D        | Found a hide-covered altar of Uskayaw.
    63 | D        | Found a radiant altar of Vehumet.
    64 | D        | Found an ornate altar of the Wu Jian Council.
    65 | D        | Found a shimmering altar of Xom.
    66 | D        | Found a basalt altar of Yredelemnul.
    67 | D        | Found a glowing silver altar of Zin.
    68 | D        | Found a glowing golden altar of the Shining One.
    69 | D        | Became a worshipper of Trog the Wrathful
   160 | D        | Noticed a two-headed ogre
   160 | D        | Noticed a vampire
   160 | D        | Noticed a centaur
   160 | D        | Noticed a steam dragon
   160 | D        | Noticed a two-headed ogre
   160 | D        | Noticed a yak
   166 | D        | Killed a yak
   167 | D        | Reached skill level 9 in Staves
   167 | D        | Reached XP level 6. HP: 49/68 MP: 6/6
   182 | D        | Killed a two-headed ogre
   183 | D        | Reached skill level 11 in Staves
   183 | D        | Reached skill level 1 in Stealth
   183 | D        | Reached XP level 7. HP: 45/83 MP: 7/7
   183 | D        | Reached XP level 8. HP: 50/92 MP: 8/8
   189 | D        | Reached * piety under Trog
   190 | D        | Reached skill level 12 in Staves
   190 | D        | Reached skill level 5 in Throwing
   202 | D        | Killed a vampire
   202 | D        | Reached ** piety under Trog
   203 | D        | Reached skill level 10 in Fighting
   203 | D        | Mangled by a two-headed ogre

Illustrated notes

Levels and vault maps discovered:
D:        linesprint [early_d, line_temple, items_1, d_10, items_2, lair_1,
          lair_end, items_3, orc_1, orc_end, items_4, d_15, swamp_1, shoals_1,
          snake_1, spider_1, d_20, vaults_1, items_5, swamp_end, shoals_end,
          snake_end, spider_end, vaults_end, d_27, items_6, zot_1, zot_end,
          crypt_end, forest_end, elf_end, slime_end, tomb_end, abyss_end,
          pan_hell_end]

Skill      XL: |  1  2  3  4  5  6  7  8 |
---------------+-------------------------+-----
Dodging        | 4 5 6 7 9 |  9.7
Fighting       | 3 4 5 6 9 10 | 10.0
Staves         | 4 5 7 9 11 12 | 12.5
Throwing       | 3 4 5 |  5.1
Stealth        | 1 |  1.8

Action                     |  1- 3 |  4- 6 |  7- 9 || total
---------------------------+-------+-------+-------++-------
  Melee: Quarterstaff      |    25 |    26 |    17 ||    68
  Throw: Throwing net      |       |     1 |     1 ||     2
 Invoke: Berserk           |       |       |     1 ||     1
    Use: Potion            |     1 |     1 |       ||     2
   Stab: Held in net/web   |       |     2 |       ||     2
 Armour: Robe              |     1 |       |     2 ||     3
  Dodge: Dodged            |     8 |     8 |     5 ||    21
